 Dungeon Sprint DCSS version 0.22.1-2-g9c5b331383 (webtiles) character file.

473 Groucho the Unseen (level 6, -3/28 HPs)
             Began as a Spriggan Enchanter on Nov 15, 2018.
             Slain by an ufetubus (4 damage)
             ... summoned by a neqoxec
             ... in the Dungeon (Sprint II: "The Violet Keep of Menkaure").
             The game lasted 00:03:27 (606 turns).

Groucho the Unseen (Spriggan Enchanter)              Turns: 606, Time: 00:03:28

Health: -3/28      AC:  2    Str:  4      XL:     6   Next: 84%
Magic:  0/19       EV: 20    Int: 15 (18) God:
Gold:   486        SH:  0    Dex: 17      Spells: 17/23 levels left

rFire    . . .     SeeInvis +   a - +1 dagger
rCold    . . .     Gourm    .   (shield restricted)
rNeg     . . .     Faith    .   b - +0 robe
rPois    .         Spirit   .   (helmet restricted)
rElec    .         Reflect  .   (no cloak)
rCorr    .         Harm     .   (gloves unavailable)
MR       +....     NoTele   +   (boots unavailable)
Stlth    ++++++....             (no amulet)
HPRegen  0.09/turn              (no ring)
MPRegen  0.16/turn              (no ring)

@: hasted, very quick
A: very small, unfitting armour, see invisible, herbivore, speed 3, screaming 1,
slow metabolism 2, no potion heal 1
a: no special abilities


You were in the Dungeon.
You were not hungry.

You visited 1 branch You collected 486 gold pieces.

Inventory:

Hand Weapons
 a - a +1 dagger (weapon)
Armour
 b - a +0 robe (worn)
Scrolls
 j - a scroll of blinking
Comestibles
 d - a ration


   Skills:
 + Level 2.9 Short Blades
 + Level 4.7 Dodging
 + Level 15.0 Stealth
 + Level 9.1 Spellcasting
 + Level 9.4 Hexes


You had 17 spell levels left.
You knew the following spells:

 Your Spells              Type           Power        Failure   Level  Hunger
a - Corona                Hex            #####..      1%          1    None
b - Ensorcelled Hibernat  Hex/Ice        ###...       2%          2    None
c - Confuse               Hex            #####...     1%          3    #......

Your spell library contained the following spells:

 Spells                   Type           Power        Failure   Level  Hunger
 Tukima's Dance           Hex            #####...     1%          3    #......
 Dazzling Spray           Conj/Hex       ###...       4%          3    #......


Dungeon Overview and Level Annotations

Branches:
Dungeon (1/1)

Altars:


Innate Abilities, Weirdness & Mutations

You are very small and have problems with some larger weapons.
You are too small for most types of armour.
You have supernaturally acute eyesight. (SInv)
You are a herbivore.
You cover ground extremely quickly.
You need to consume almost no food.
You occasionally shout uncontrollably at your foes.
Potions are less effective at restoring your health.


Message History

The neqoxec is lightly wounded.
The neqoxec closely misses you.
You barely miss the neqoxec.
The neqoxec is lightly wounded.
You barely miss the neqoxec.
The neqoxec is lightly wounded.
The neqoxec gestures at you.
Something tries to feed on your intellect!
You completely miss the neqoxec.
The neqoxec is lightly wounded.
The ufetubus hits you. x2
You hit the neqoxec but do no damage.
The neqoxec is lightly wounded.
The neqoxec hits you!
* * * LOW HITPOINT WARNING * * *
The ufetubus misses you. The ufetubus completely misses you.
You barely miss the neqoxec.
The neqoxec is lightly wounded.
The ufetubus misses you. The ufetubus hits you.
You die...

§§ §§ ++# ..
##'##
##...##
#.÷#55# #
##§#@## #3
##3##
#3##5####
#3'.<.'.##+
#.3##.##...#
#. #+###.##
# .$. ###
.m#.. ##.
.##


You could see a neqoxec, a quasit, a shadow imp and an ufetubus.

Vanquished Creatures
  A neqoxec (D)
  4 necrophages (D)
  2 worms (D)
7 creatures vanquished.

Vanquished Creatures (others)
  A crocodile (D)
1 creature vanquished.

Grand Total: 8 creatures vanquished

Notes
Turn   | Place    | Note
-------+----------+-------------------------------------------
     0 | D        | Groucho the Spriggan Enchanter began the quest for the Orb.
     0 | D        | Reached XP level 1. HP: 9/9 MP: 5/5
    14 | D        | Reached skill level 5 in Stealth
   126 | D        | Reached skill level 6 in Stealth
   133 | D        | Noticed a necrophage
   133 | D        | Noticed a necrophage
   133 | D        | Noticed a necrophage
   133 | D        | Noticed a necrophage
   136 | D        | Killed a necrophage
   136 | D        | Reached skill level 10 in Stealth
   136 | D        | Reached skill level 5 in Spellcasting
   136 | D        | Reached XP level 2. HP: 13/13 MP: 5/9
   136 | D        | Reached XP level 3. HP: 16/16 MP: 6/11
   136 | D        | Reached XP level 4. HP: 21/21 MP: 6/12
   147 | D        | Learned a level 2 spell: Ensorcelled Hibernation
   154 | D        | Killed a necrophage
   154 | D        | Reached skill level 12 in Stealth
   154 | D        | Reached XP level 5. HP: 19/24 MP: 8/15
   155 | D        | Killed a necrophage
   155 | D        | Reached skill level 13 in Stealth
   162 | D        | Killed a crocodile
   201 | D        | Learned a level 3 spell: Confuse
   214 | D        | Killed a necrophage
   214 | D        | Reached skill level 14 in Stealth
   214 | D        | Reached XP level 6. HP: 14/27 MP: 11/18
   553 | D        | Noticed a merfolk siren
   557 | D        | Noticed a neqoxec
   557 | D        | Noticed a neqoxec
   557 | D        | Noticed a neqoxec
   557 | D        | Noticed a neqoxec
   574 | D        | Killed a neqoxec
   574 | D        | Reached skill level 15 in Stealth
   584 | D        | Gained mutation: You occasionally shout uncontrollably at
                  | your foes. [a neqoxec]
   591 | D        | Gained mutation: Potions are less effective at restoring
                  | your health. [a neqoxec]
   605 | D        | HP: 1/28 [neqoxec (10)]
   606 | D        | Slain by an ufetubus

Skill      XL: |  1  2  3  4  5  6 |
---------------+-------------------+-----
Stealth        | 10 12 14 15 | 15.0
Spellcasting   | 5 7 8 9 |  9.1
Hexes          | 6 7 8 9 |  9.4
Short Blades   | 2 |  2.9
Dodging        | 4 |  4.7

Action                   |  1- 3 |  4- 6 || total
-------------------------+-------+-------++-------
Melee: Dagger            |     5 |    26 ||    31
 Cast: Confuse           |       |     9 ||     9
       Ensorcelled Hiber |       |    16 ||    16
  Use: Potion            |     1 |     5 ||     6
 Stab: Sleeping          |     2 |     3 ||     5
       Confused          |       |     2 ||     2
Armor: Robe              |       |     4 ||     4
Dodge: Dodged            |     1 |    38 ||    39
